 Dungeon Crawl Stone Soup version 0.22.0-32-gbc6daba (webtiles) character file.

266 iamserjio the Ruffian (level 6, -6/59 HPs)
             Began as a Troll Fighter on Aug 23, 2018.
             Mangled by Pikel
             ... wielding a +0 whip of flaming
              (10 damage)
             ... on level 4 of the Dungeon.
             The game lasted 00:03:33 (537 turns).

iamserjio the Ruffian (Troll Fighter)                Turns: 537, Time: 00:03:33

Health: -6/59      AC:  5    Str: 25    XL:     6   Next: 0%
Magic:  5/5        EV:  8    Int:  6    God:
Gold:   30         SH:  8    Dex:  9    Spells: 5/5 levels left

rFire    . . .     SeeInvis .     - Unarmed
rCold    . . .     Gourm    +   b - +0 shield
rNeg     . . .     Faith    .   a - +0 robe
rPois    .         Spirit   .   (helmet restricted)
rElec    .         Reflect  .   (no cloak)
rCorr    .         Harm     .   (gloves unavailable)
MR       .....                  (boots unavailable)
Stlth    +.........             (no amulet)
HPRegen  0.59/turn              (no ring)
MPRegen  0.09/turn              (no ring)

@: invisible
A: large, unfitting armour, claws 3, fast metabolism 3, gourmand, regeneration
1, shaggy fur 1, tough skin 2
a: no special abilities


You were on level 4 of the Dungeon.
You were very full.

You visited 1 branch of the dungeon, and saw 5 of its levels.

You collected 30 gold pieces.

Inventory:

Armour
 a - a +0 robe (worn)
 b - a +0 shield (worn)
Scrolls
 c - a scroll of enchant armour {unknown}
 f - a scroll of remove curse {unknown}
 g - a scroll of immolation {unknown}
 h - a scroll of identify {unknown}
 k - a scroll of enchant weapon {unknown}
Comestibles
 d - 5 rations


   Skills:
 - Level 2.4 Fighting
 - Level 2.4 Dodging
 - Level 2.4 Shields
 + Level 6.3 Unarmed Combat


You had 5 spell levels left.
You didn't know any spells.
Your spell library was empty.

Dungeon Overview and Level Annotations

Branches:
Dungeon (5/15)
 Temple: D:4-7

Altars:

Annotations:
D:4 Pikel


Innate Abilities, Weirdness & Mutations

You are too large for most types of armour.
You have claws for hands.
Your metabolism is lightning-fast.
You like to eat raw meat.
Your natural rate of healing is unusually fast.
You are covered in fur. (AC +1)
You have very tough skin. (AC +2)


Message History

* * * LOW HITPOINT WARNING * * *
Unknown command.
You scratch Pikel but do no damage.
Pikel is heavily wounded.
Pikel hits you with a whip of flaming.
* * * LOW HITPOINT WARNING * * *
Pikel burns you.
* * * LOW HITPOINT WARNING * * *
It was a potion of resistance.
You feel protected. Pikel barely misses you.
It was a potion of cancellation.
Your magical effects are unravelling.
You feel magically purged.
Your resistance to elements expires.
Pikel hits you but does no damage.
It was a potion of invisibility.
You fade into invisibility!
Pikel hits you with a whip of flaming!
You die...

#.###### #.#.....
#.#.#### #)#.# #######
#.#.#
......p###########.#.#
.....ppK@..........#'####
......p####.............#
....... #.............#
.....p. #.............#
....%.. #.............#
####### #.............#
#.............#
#.............#
#.............+


You could see Pikel and 4 slaves.

Vanquished Creatures
  An ice beast (D:5)
  A phantom (D:4)
  A hound (D:4)
  2 adders (D:3)
  A worm (D:2)
  3 leopard geckos (D:3)
  A bat (D:3)
  4 goblins
  6 hobgoblins
  4 kobolds
  2 ball pythons (D:1)
  3 frilled lizards
  3 rats (D:1)
32 creatures vanquished.

Notes
Turn   | Place    | Note
-------+----------+-------------------------------------------
     0 | D:1      | iamserjio the Troll Fighter began the quest for the Orb.
     0 | D:1      | Reached XP level 1. HP: 22/22 MP: 0/0
    87 | D:1      | Reached XP level 2. HP: 29/29 MP: 1/1
   154 | D:1      | Reached skill level 3 in Unarmed Combat
   231 | D:3      | Reached XP level 3. HP: 21/36 MP: 2/2
   290 | D:5      | Entered Level 5 of the Dungeon
   342 | D:5      | Noticed an ice beast
   346 | D:5      | Killed an ice beast
   346 | D:5      | Reached skill level 5 in Unarmed Combat
   346 | D:5      | Reached XP level 4. HP: 28/44 MP: 3/3
   439 | D:3      | Reached XP level 5. HP: 49/50 MP: 4/4
   498 | D:4      | Noticed a phantom
   517 | D:4      | Killed a phantom
   517 | D:4      | Reached skill level 6 in Unarmed Combat
   517 | D:4      | Reached XP level 6. HP: 30/59 MP: 5/5
   522 | D:4      | Noticed a slave
   522 | D:4      | Noticed a slave
   522 | D:4      | Noticed Pikel
   523 | D:4      | Noticed a slave
   523 | D:4      | Noticed a slave
   534 | D:4      | HP: 2/59 [Pikel/whip of flaming (2)]
   537 | D:4      | Mangled by Pikel

Skill      XL: |  1  2  3  4  5 |
---------------+----------------+-----
Unarmed Combat | 3 5 6 |  6.3
Fighting       | |  2.4
Dodging        | |  2.4
Shields        | |  2.4

Action                   |  1- 3 |  4- 6 || total
-------------------------+-------+-------++-------
Melee: Unarmed           |    59 |    29 ||    88
  Use: Potion            |     1 |     3 ||     4
  Eat: Chunk             |     8 |     1 ||     9
Armor: Robe              |    18 |     6 ||    24
Dodge: Dodged            |    15 |     8 ||    23
Block: Shield            |    27 |     5 ||    32
